 Dungeon Crawl Stone Soup version 0.20-a0-492-g6327889 (webtiles) character file.

42 Goblin1989 the Cudgeler (level 3, 0/29 HPs)
             Began as a Barachian Fighter on Jan 15, 2017.
             Slain by Grinder (3 damage)
             ... on level 3 of the Dungeon.
             The game lasted 00:02:17 (1469 turns).

Goblin1989 the Cudgeler (Barachian Fighter)         Turns: 1469, Time: 00:02:17

Health: 0/29       AC:  6    Str: 20    XL:     3   Next: 56%
Magic:  3/3        EV:  7    Int:  6    God:
Gold:   124        SH:  9    Dex: 10    Spells: 2/2 levels left

rFire    . . .     SeeInvis .   a - +0 flail
rCold    . . .     Gourm    .   b - +0 scale mail
rNeg     . . .     Faith    .   c - +0 shield
rPois    .         Spirit   .   (no helmet)
rElec    .         Reflect  .   (no cloak)
rCorr    .         Harm     .   (no gloves)
MR       .....                  (no boots)
Stlth    ..........             (no amulet)
Regen    0.0/turn               (no ring)
                                (no ring)

@: mighty, slow
A: swims, slowness 1, strong legs 1
a: Hop


You were on level 3 of the Dungeon.
You were not hungry.

You visited 1 branch of the dungeon, and saw 3 of its levels.

You collected 124 gold pieces.

Inventory:

Hand Weapons
 a - a +0 flail (weapon)
 t - a +0 dagger of holy wrath
Armour
 b - a +0 scale mail (worn)
 c - a +0 shield (worn)
 n - a +0 plate armour
Jewellery
 m - an uncursed ring of protection from cold {unknown}
Wands
 C - a wand of confusion (32/48)
Scrolls
 h - a scroll of magic mapping {unknown}
 i - a scroll of amnesia {unknown}
 k - a scroll of fear {unknown}
 p - a scroll of teleportation {unknown}
 u - a scroll of identify {unknown}
Potions
 e - a potion of lignification {unknown}
 l - a potion of heal wounds {unknown}
 o - a potion of agility {unknown}
 q - a potion of brilliance {unknown}
 s - 2 potions of curing {unknown}
Comestibles
 f - 3 bread rations {@e1}
 g - 4 chunks of flesh {@w0}
 j - a meat ration {@e2}
 r - 2 slices of pizza
 v - a beef jerky


   Skills:
 - Level 3.2 Fighting
 + Level 3.8 Maces & Flails
 - Level 3.2 Armour
 - Level 3.0 Shields


You had 2 spell levels left.
You didn't know any spells.

Dungeon Overview and Level Annotations

Branches:
Dungeon (3/15)

Altars:

Annotations:
D:3 Grinder


Innate Abilities, Weirdness & Mutations

You can swim through water.
You cover ground slowly.
You can hop short distances.


Message History

You are no longer poisoned.
v - a beef jerky
Found a stone staircase leading up.
You take 1 damage, and have 16/29 hp.
Grinder shouts!
Grinder blinks!
Grinder is too close now for your liking.
You regained 2 hp, and now have 18/29 hp.
Grinder is nearby!
You hit Grinder but do no damage. Grinder gestures at you.
You resist with significant effort. Grinder hits you.
You writhe in agony.
You take 4 damage, and have 14/29 hp.
You feel very mighty all of a sudden. Grinder hits you.
* * * LOW HITPOINT WARNING * * *
You take 6 damage, and have 8/29 hp.
MASSIVE DAMAGE!!
You barely miss Grinder. Grinder hits you.
* * * LOW HITPOINT WARNING * * *
You writhe in agony.
You die...

..██.█ ..█.█ █.█.█
█.█ █...█ █<█
█...█ █.█ ███...█
█.█ █ █...█.█ █.█
...██.█████.███.██
█.█ █....5@....█
█..███.███
█....███████
██........
.∆.....█ █........
███.....█
█........
█<...g..█
██..)....
█.......█ █.)█.███
█.....[.█ ██.█.█ █
...█.██.█ █.(.███
..5█.█ █ ██....█


You could see Grinder.

Vanquished Creatures
  An adder (D:2)
  A worm (D:2)
  A dart slug (D:1)
  4 giant cockroaches
  6 goblins
  A hobgoblin (D:1)
  4 bats
  2 frilled lizards (D:2)
  3 kobolds
  7 rats
30 creatures vanquished.

Notes
Turn   | Place    | Note
-------+----------+-------------------------------------------
     0 | D:1      | Goblin1989 the Barachian Fighter began the quest for the Orb.
     0 | D:1      | Reached XP level 1. HP: 18/18 MP: 1/1
   130 | D:1      | Reached XP level 2. HP: 24/24 MP: 2/2
   998 | D:2      | Reached XP level 3. HP: 29/29 MP: 3/3
  1398 | D:3      | Noticed Grinder
  1469 | D:3      | Slain by Grinder

Vault maps used:
D:1:      evilmike_arrival_plus
D:2:      first_bread
D:3:      uniq_grinder

Skill      XL: |  1  2 |
---------------+-------+-----
Maces & Flails | 3 |  3.8
Fighting       | |  3.2
Armour         | |  3.2
Shields        | |  3.0

Action                   || total
-------------------------++-------
Melee: Flail             ||    83
  Use: Potion            ||     1
  Eat: Chunk             ||     3
Armor: Scale mail        ||    42
Dodge: Dodged            ||    21
Block: Shield            ||    40

Vault maps used:
D:1:      evilmike_arrival_plus
D:2:      first_bread
D:3:      uniq_grinder
